Map: Dusk Towers

Players

Gooolati

  • Race: Protoss Protoss
  • League: Diamond

LilDicky - Winner!

  • Race: Terran Terran
  • League: Diamond

VOD

http://www.twitch.tv/tumescentpie

Description

Time

  • Played on: Dec. 8, 2015, 11:11 a.m.
  • Length: 5:46
Show
View Real Time Build Order
Export as new Build Order

Gooolati Protoss 

Build Orders:  

Get SALT Encoding   

  12  0:00  Probe (Chrono Boost)  
  13  0:11  Probe (Chrono Boost)  
  14  0:17  Pylon  
  14  0:22  Probe (Chrono Boost)  
  16  0:35  Probe (Chrono Boost)  
  16  0:36  Gateway  
  16  0:41  Assimilator  
  16  0:46  Probe (Chrono Boost)  
  17  0:56  Probe (Chrono Boost)  
  18  1:01  Pylon  
  18  1:07  Probe (Chrono Boost)  
  19  1:17  Probe (Chrono Boost)  
  20  1:23  Cybernetics Core  
  20  1:28  Probe (Chrono Boost)  
  21  1:40  Probe (Chrono Boost)  
  22  1:47  Nexus  
  22  1:51  Probe (Chrono Boost)  
  23  1:56  Assimilator  
  23  2:02  Mothership Core (Chrono Boost)  
  23  2:07  Stalker  
  27  2:19  Warp Gate  
  27  2:26  Probe (Chrono Boost)  
  27  2:29  Pylon  
  28  2:37  Probe (Chrono Boost)  
  29  2:47  Probe (Chrono Boost)  
  30  2:53  Stalker  
  32  3:00  Forge  
  32  3:09  Pylon  
  32  3:15  Probe (Chrono Boost)  
  32  3:18  Pylon  
  32  3:40  Assimilator  
  32  3:43  Photon Cannon  
  32  3:44  Assimilator  
  32  3:54  Gateway  
  32  3:55  Gateway  
  31  4:14  Photon Cannon  
  31  4:16  Probe (Chrono Boost)  
  32  4:32  Probe x2 (Chrono Boost)  
  34  4:42  Probe (Chrono Boost)  
  34  4:43  Probe (Chrono Boost)  
  36  4:49  Robotics Facility  
  36  4:53  Probe x2 (Chrono Boost)  
  38  5:02  Probe (Chrono Boost)  
  38  5:03  Probe  
  40  5:12  Sentry  
  40  5:13  Sentry x2, Probe  
  46  5:17  Probe  
  48  5:23  Probe  
  49  5:29  Probe, Photon Cannon  
  49  5:33  Photon Cannon  
  49  5:34  Probe  
  51  5:42  Stalker, Zealot  
Show
View Real Time Build Order
Export as new Build Order

LilDicky Terran - Winner!

Build Orders: MMM Bio 

Get SALT Encoding   

  12  0:02  SCV  
  13  0:14  SCV  
  14  0:18  Supply Depot  
  14  0:26  SCV  
  15  0:31  Refinery  
  15  0:39  SCV  
  16  0:45  Barracks  
  16  0:51  SCV  
  17  1:04  SCV  
  18  1:16  SCV  
  19  1:28  SCV  
  19  1:32  Marine  
  21  1:35  Supply Depot  
  21  1:40  Orbital Command  
  21  1:41  Factory  
  21  1:52  Marine  
  22  1:59  Barracks  
  22  2:03  Barracks  
  22  2:06  SCV  
  23  2:12  Refinery  
  23  2:18  SCV  
  25  2:23  Barracks Reactor  
  24  2:30  SCV  
  25  2:43  Widow Mine  
  27  2:44  SCV  
  27  2:47  Barracks Tech Lab  
  27  2:50  Barracks Tech Lab  
  27  2:55  Supply Depot  
  27  2:56  SCV  
  28  3:01  Marine x2  
  30  3:08  SCV  
  31  3:27  Marine x2  
  31  3:28  Combat Shields, Stimpack, Marine  
  31  3:29  Marine  
  31  3:33  Starport  
  35  3:35  Supply Depot  
  35  3:36  SCV  
  36  3:48  SCV  
  37  4:08  Marine x2  
  37  4:09  Marauder x2  
  43  4:12  SCV, Medivac  
  43  4:16  Supply Depot  
  46  4:29  Marine x2  
  46  4:31  Marauder  
  50  4:32  SCV  
  51  4:39  Marauder  
  51  4:44  SCV, Medivac  
  56  4:46  Concussive Shells  
  56  4:54  Marauder, Marine x2  
  56  4:59  Marine  
  60  5:03  Supply Depot  
  60  5:04  SCV  
  62  5:11  Marine  
  62  5:12  Marine  
  62  5:17  Marine  
  62  5:18  Marine  
Tags
 
Add a new tag
Caveats
  • Supply blocks, unpowered buildings, or Contaminate may cause inaccurate times.
  • Supply counts are checked every 10 seconds.